 Dungeon Crawl Stone Soup version 0.30-a0-782-ge64f9170bb (webtiles) character file.

Game seed: 16511491370762410148

53 Dirtsage the Chopper (level 3, -5/43 HPs)
             Began as a Demonspawn Berserker on Mar 15, 2023.
             Was a Follower of Trog.
             Slain by a worm (6 damage)
             ... on level 2 of the Dungeon.
             The game lasted 00:03:09 (1032 turns).

Dirtsage the Chopper (Demonspawn Berserker)         Turns: 1032, Time: 00:03:09

Health: -5/43      AC:  2    Str: 19    XL:     3   Next: 62%
Magic:  3/3        EV:  7    Int:  8    God:    Trog [*.....]
Gold:   48         SH: 16    Dex: 12    Spells: 2/2 levels left

rFire   . . .      SeeInvis .    a - +0 hand axe
rCold   . . .      Faith    .    d - +2 tower shield
rNeg    . . .      Spirit   .    b - +0 animal skin
rPois   .          Reflect  .    (no helmet)
rElec   .          Harm     .    (no cloak)
rCorr   .          Rampage  .    (no gloves)
Will    ++...                    (no boots) Stlth
                                 (no amulet)
HPRegen 1.27/turn                (no ring)
MPRegen 0.08/turn                (no ring)

@: berserking, lethally poisoned (-5 -> -6), strong-willed, regenerating, very
quick
A: spiny 1, condensation shield
a: Renounce Religion, Berserk


You were on level 2 of the Dungeon.
You worshipped Trog.
Trog was aware of your devotion.
You visited 1 branch of the dungeon, and saw 2 of its levels.

You collected 48 gold pieces.

Inventory:

Hand Weapons
 a - a +0 hand axe (weapon)
Armour
 b - a +0 animal skin (worn)
 d - a +2 tower shield (worn)
Scrolls
 c - a scroll of amnesia {unknown}
 e - a scroll of fear {unknown}
 f - a scroll of blinking {unknown}
 g - a scroll of poison {unknown}
 h - a scroll of teleportation {unknown}
Potions
 i - a potion of curing {unknown}


   Skills:
 - Level 3.0 Fighting
 + Level 4.2 Axes
 - Level 1.7 Armour
 - Level 1.7 Dodging


You had 2 spell levels left.
You didn't know any spells.
Your spell library was empty.

Dungeon Overview and Level Annotations

Branches:
Dungeon (2/15)

Altars:


Innate Abilities, Weirdness & Mutations

You are partially covered in sharp spines.
A meltable shield of frost defends you. (SH +4)


Message History

You closely miss the adder. You closely miss the ball python.
You block the ball python's attack. The adder bites you.
You are poisoned.
The adder poisons you!
The ball python is struck by your spines.
You kill the ball python!
Trog accepts your kill.
You can now call upon Trog for regeneration and willpower.
The adder is struck by your spines. The adder barely misses you.
The worm bites you!
* * * LOW HITPOINT WARNING * * *
You take 8 damage, and have 7/29 hp.
MASSIVE DAMAGE!!
You fail to use your ability.
* * * LOW HITPOINT WARNING * * *
You feel sick. The adder is struck by your spines.
The adder bites you but does no damage.
You take 2 damage, and have 5/29 hp.
Okay, then.
Your skin crawls.
You feel strong-willed.
You can no longer call upon Trog for regeneration and willpower.
You feel sick. The adder bites you.
* * * LOW HITPOINT WARNING * * *
You are more poisoned.
The adder poisons you! The worm barely misses you.
You take 4 damage, and have 1/29 hp.
A red film seems to cover your vision as you go berserk!
You feel yourself moving faster!
You feel mighty!
* * * LOW HITPOINT WARNING * * *
You feel sick. You block the adder's attack. x2
You now have 1/43 hp.
You slash the worm!
The worm is heavily wounded.
You closely miss the adder.
* * * LOW HITPOINT WARNING * * *
You feel sick. The adder is struck by your spines.
You kill the adder!
Trog accepts your kill. The worm is struck by your spines. The worm bites you.
You die...

..... #)### ..... ...$
......#... . .........#
##.. ......#...## #.. .#
........#..#... #.#
......†w##.#.# #.#
......†@.#...# #.#
.........#.#### #####.##
..............###.......
........#..##...........
.......##..######.......
....)...#....# #.......
......).#..#..######.###
............#...## #.#
.......†##.###..###.#


You could see a worm.

Vanquished Creatures
  3 adders (D:2)
  A dart slug (D:1)
  4 bats
  4 endoplasms
  5 giant cockroaches
  3 goblins
  4 hobgoblins (D:1)
  4 ball pythons
  2 rats (D:1)
30 creatures vanquished.

Notes
Turn   | Place    | Note
-------+----------+-------------------------------------------
     0 | D:1      | Dirtsage the Demonspawn Berserker began the quest for the
                  | Orb.
     0 | D:1      | Reached XP level 1. HP: 18/18 MP: 1/1
   108 | D:1      | Reached skill level 3 in Axes
   241 | D:1      | Gained mutation: You are partially covered in sharp spines.
                  | [demonic ancestry]
   241 | D:1      | Reached XP level 2. HP: 20/24 MP: 2/2
   804 | D:2      | Reached skill level 4 in Axes
   804 | D:2      | Gained mutation: A meltable shield of frost defends you.
                  | (SH +4) [demonic ancestry]
   804 | D:2      | Reached XP level 3. HP: 15/29 MP: 3/3
   841 | D:2      | HP: 1/29 [poisoned by an adder]
  1028 | D:2      | Reached ** piety under Trog
  1030 | D:2      | HP: 1/29 [adder (4)]
  1032 | D:2      | Slain by a worm

Illustrated notes

Levels and vault maps discovered:
D:1:      minmay_arrival_radiant_lines, layout_basic, minmay_domino_2
D:2:      cheibrodos_old_hovel, layout_rooms, uniq_robin, uniq_sigmund

Skill      XL: |  1  2 |
---------------+-------+-----
Axes           | 3 4 |  4.2
Fighting       | |  3.0
Armour         | |  1.7
Dodging        | |  1.7

Action                     || total
---------------------------++-------
  Melee: Hand axe          ||    85
 Invoke: Berserk           ||     2
         Trog's Hand       ||     1
    Use: Potion            ||     1
   Stab: Sleeping          ||     2
 Armour: Animal skin       ||    20
  Dodge: Dodged            ||    27
  Block: Tower shield      ||    59

Table legend: (Time is in decaauts)
 A = Elapsed time spent in this place.
 B = Non-inter-level travel time spent in this place.
 C = Inter-level travel time spent in this place.
 D = Time resting spent in this place.
 E = Time spent auto-exploring this place.
 F = Levels seen in this place.
 G = Mean time per level.
                   A        B        C        D        E       F      G
               +--------+--------+--------+--------+--------+-----+--------+
         Total |   1062 |   1010 |     52 |     31 |    741 |   2 |  531.0 |
       Dungeon |   1062 |   1010 |     52 |     31 |    741 |   2 |  531.0 |
               +--------+--------+--------+--------+--------+-----+--------+

Top non-repeatable levels by time:
     D:1: 819 daAuts
     D:2: 243 daAuts
